[ AOE2 MATCH · #480245855 ]
UnrankedKhmer vs Dravidians
[ REPLAY ANALYSIS · EXTRACTED FROM THE RECORDED GAME ]
Feudal
—
Castle
—
Imperial
—
| APM avg | 32.2 |
| APM peak | 30 |
| eAPM avg | 15.0 |
| Villagers / military | 4 / 0 |
Focus
⚔️ 0.0% · 🌾 100.0%
Feudal
—
Castle
—
Imperial
—
| APM avg | 2.1 |
| APM peak | 2 |
| eAPM avg | 2.1 |
| Villagers / military | 0 / 0 |
Feudal
—
Castle
—
Imperial
—
| APM avg | 9.7 |
| APM peak | 9 |
| eAPM avg | 9.7 |
| Villagers / military | 0 / 0 |
Feudal
—
Castle
—
Imperial
—
| APM avg | 44.1 |
| APM peak | 41 |
| eAPM avg | 15.0 |
| Villagers / military | 4 / 0 |
Focus
⚔️ 0.0% · 🌾 100.0%
Feudal
—
Castle
—
Imperial
—
| APM avg | 48.4 |
| APM peak | 45 |
| eAPM avg | 18.3 |
| Villagers / military | 4 / 0 |
Focus
⚔️ 0.0% · 🌾 100.0%
Feudal
—
Castle
—
Imperial
—
| APM avg | 53.7 |
| APM peak | 50 |
| eAPM avg | 14.0 |
| Villagers / military | 4 / 0 |
Focus
⚔️ 0.0% · 🌾 100.0%
Feudal
—
Castle
—
Imperial
—
| APM avg | 105.3 |
| APM peak | 98 |
| eAPM avg | 72.0 |
| Villagers / military | 4 / 0 |
Focus
⚔️ 76.9% · 🌾 23.1%
Feudal
—
Castle
—
Imperial
—
| APM avg | 46.2 |
| APM peak | 43 |
| eAPM avg | 16.1 |
| Villagers / military | 4 / 0 |
Focus
⚔️ 14.3% · 🌾 85.7%
Match map
Initial resources + every placement click. Lines = walls · curves = elevation contours. ◆ gold · ⬟ stone · ● berries · ✦ relic · ◌ wall gap
Your base
TheTarkanArmy's base
Sigebert's base
HackThor's base
vulpecula's base
vollkrassher's base
SVTT | Альпинист's base
7mood2369's base
Smoothed initial terrain · ◌ = detected wall gap · hover for details
Inputs per minute
— Twitch/SyMess - - TheTarkanArmy
Build order — Twitch/SyMess
3 actions detected in the replay
| 0:00 | Create | Villager (Male) ×4 |
| 0:02 | Build | House |
| 0:03 | Build | House |
Build order — TheTarkanArmy
0 actions detected in the replay
Build order — Sigebert
0 actions detected in the replay
Build order — HackThor
6 actions detected in the replay
| 0:02 | Create | Villager (Male) |
| 0:02 | Create | Villager (Male) |
| 0:03 | Create | Villager (Male) |
| 0:03 | Create | Villager (Male) |
| 0:04 | Build | House |
| 0:06 | Build | House |
Build order — vulpecula
6 actions detected in the replay
| 0:01 | Create | Villager (Male) |
| 0:01 | Create | Villager (Male) |
| 0:01 | Create | Villager (Male) |
| 0:04 | Build | House |
| 0:05 | Build | House |
| 0:07 | Create | Villager (Male) |
Build order — vollkrassher
6 actions detected in the replay
| 0:00 | Create | Villager (Male) |
| 0:00 | Create | Villager (Male) |
| 0:00 | Create | Villager (Male) |
| 0:00 | Create | Villager (Male) |
| 0:01 | Build | House |
| 0:02 | Build | House |
Build order — SVTT | Альпинист
6 actions detected in the replay
| 0:00 | Create | Villager (Male) |
| 0:01 | Create | Villager (Male) |
| 0:02 | Build | House |
| 0:02 | Create | Villager (Male) |
| 0:03 | Build | House |
| 0:05 | Create | Villager (Male) |
Build order — 7mood2369
4 actions detected in the replay
| 0:02 | Create | Villager (Male) ×4 |
| 0:04 | Build | House |
| 0:07 | Build | House |
| 0:46 | Build | Mill |
Match timeline
| 0:07 | Sigebert · resign |
[ AI ANALYSIS · 1 CREDIT ]
What really happened in this match?
Wolo.gg analyzes every decision: build order, eco, micro, common mistakes by bracket. Personalized analysis on WhatsApp or Discord in 30 seconds.
Civ guide
Khmer
Perfil
Jugador #2148531